 Dungeon Crawl Stone Soup version 0.22.0-49-gab54619 (webtiles) character file.

57 jerryfan the Digger (level 3, 0/26 HPs)
             Began as a Draconian Earth Elementalist on Sept 8, 2018.
             Killed by nerve-wracking pain
             ... invoked by Grinder
              (11 damage)
             ... on level 3 of the Dungeon.
             The game lasted 00:10:38 (1953 turns).

jerryfan the Digger (Draconian Earth Elementalist)  Turns: 1953, Time: 00:10:39

Health: 0/26       AC:  8    Str: 10    XL:     3   Next: 73%
Magic:  3/6        EV: 12    Int: 16    God:
Gold:   157        SH:  2    Dex: 11    Spells: 0/6 levels left

rFire    . . .     SeeInvis .   (no weapon)
rCold    . . .     Gourm    .   (no shield)
rNeg     . . .     Faith    .   (armour unavailable)
rPois    .         Spirit   .   (helmet restricted)
rElec    .         Reflect  +   (no cloak)
rCorr    .         Harm     .   (no gloves)
MR       .....                  j - +2 pair of boots
Stlth    ++........             i - +2 amulet of reflection
HPRegen  0.08/turn              (no ring)
MPRegen  0.10/turn              (no ring)

@: no status effects
A: unfitting armour, cold-blooded, AC +5
a: no special abilities


You were on level 3 of the Dungeon.
You were hungry.

You visited 1 branch of the dungeon, and saw 3 of its levels.

You collected 157 gold pieces.

Inventory:

Hand Weapons
 e - a +0 short sword
Missiles
 b - 47 stones (quivered)
Armour
 j - a +2 pair of boots (worn)
Jewellery
 i - a +2 amulet of reflection (around neck)
Scrolls
 d - a scroll of teleportation {unknown}
 g - a scroll of remove curse
 l - 4 scrolls of identify {unknown}
Potions
 a - 2 potions of lignification {unknown}
 h - 3 potions of curing {unknown}
 k - a potion of heal wounds
 n - a potion of cancellation {unknown}
Comestibles
 c - 6 rations


   Skills:
 * Level 1.2 Throwing
 * Level 2.3 Dodging
 - Level 1.7 Stealth
 * Level 2.4 Spellcasting
 + Level 0.2 Conjurations
 + Level 1.2 Transmutations
 * Level 3.4 Earth Magic


You couldn't memorise any spells.
You knew the following spells:

 Your Spells              Type           Power        Failure   Level  Hunger
a - Sandblast             Erth           ##....       4%          1    #......
b - Passwall              Tmut/Erth      #.......     12%         2    ###....
c - Stone Arrow           Conj/Erth      #.....       28%         3    ###....

Your spell library contained the following spells:

 Spells                   Type           Power        Failure   Level  Hunger
 Petrify                  Tmut/Erth      #.......     58%         4    #####..
 Lee's Rapid Deconstruct  Erth           ##........   80%         5    ######.


Dungeon Overview and Level Annotations

Branches:
Dungeon (3/15)

Altars:
Ashenzari
Dithmenos
Hepliaklqana
Qazlal
The Shining One

Annotations:
D:3 3 runed doors, Grinder; Terence; torrenera's ghost, weakling DgSk


Innate Abilities, Weirdness & Mutations

Your plain brown scales are hard. (AC +5)
You cannot fit into any form of body armour.
You are cold-blooded and may be slowed by cold attacks.


Message History

Aiming: Stone Arrow (safe; 28% risk of failure)
Press: ? - help, Shift-Dir - straight line, f/p - Terence
Aim: Terence, wielding a mace and wearing a ring mail The stone arrow hits Terence.
Terence is moderately wounded.
Terence hits you but does no damage.
Grinder says, "Mostly I couldn't keep them alive."
Grinder blinks!
Grinder blinks!
Grinder gestures at you. You resist with significant effort.
Grinder grins, showing sharp teeth.
The adder hisses angrily. x2
Torrenera's ghost turns its malevolent gaze towards you.
Your magical contamination has completely faded away.
Grinder gestures at you. Pain shoots through your body!
Grinder gestures at you. Pain shoots through your body!
You die...

#.#.(.....+.........#...#
#.#.$.#..s+...######.§§.#
#.#..#.#.W#........#.§.§#
#.#......S#............##
#.#########...####.##.##
.. ........@5# #.....#
#####.##..# #..####
#.#...###..###### #
#...@<........#
#.###.###..####.#
#..........# #.#
#..#####...# #.# #..#
#...# #.# #..# #...# #.#
###.# #..## #.#
#...#####..# #.#
#.#...)....# #.#


You could see Grinder, Terence, torrenera's ghost and a giant cockroach
(wandering).

Vanquished Creatures
  An adder (D:3)
  An ooze (D:2)
  2 worms (D:2)
  A dart slug (D:2)
  2 leopard geckos (D:1)
  An orc (D:3)
  4 goblins
  2 hobgoblins (D:3)
  9 kobolds
  2 quokkas (D:2)
  4 bats
  2 frilled lizards
  4 rats
35 creatures vanquished.

Notes
Turn   | Place    | Note
-------+----------+-------------------------------------------
     0 | D:1      | jerryfan the Draconian Earth Elementalist began the quest
                  | for the Orb.
     0 | D:1      | Reached XP level 1. HP: 14/14 MP: 3/3
   224 | D:1      | Reached XP level 2. HP: 20/20 MP: 3/5
   505 | D:2      | Found a hazy altar of Hepliaklqana.
   598 | D:2      | Learned a level 2 spell: Passwall
   699 | D:2      | Found a shattered altar of Ashenzari.
   748 | D:2      | Reached skill level 1 in Throwing
   774 | D:2      | Reached XP level 3. HP: 26/26 MP: 3/6
   779 | D:2      | Learned a level 3 spell: Stone Arrow
   933 | D:2      | Found a glowing golden altar of the Shining One.
  1241 | D:3      | Found a runed gate.
  1243 | D:3      | Found a runed gate.
  1257 | D:3      | Found a runed gate.
  1257 | D:3      | Noticed torrenera's ghost (weakling DgSk)
  1282 | D:3      | Noticed Grinder
  1360 | D:3      | Found a stormy altar of Qazlal.
  1621 | D:3      | Found a shadowy altar of Dithmenos.
  1815 | D:3      | Noticed Terence
  1893 | D:3      | Paralysed by Grinder for 2 turns
  1953 | D:3      | Killed from afar by Grinder

Skill      XL: |  1  2 |
---------------+-------+-----
Dodging        | 2 |  2.3
Throwing       | 1 |  1.2
Stealth        | |  1.7
Spellcasting   | |  2.4
Conjurations   | |  0.2
Transmutations | |  1.2
Earth Magic    | |  3.4

Action                   || total
-------------------------++-------
Melee: Unarmed           ||    45
       Tailslap          ||     5
 Cast: Sandblast         ||    59
       Stone Arrow       ||     5
  Use: Scroll            ||     5
  Eat: Chunk             ||     4
Armor: Skin              ||    11
Dodge: Dodged            ||    28
Block: Other             ||     5
       Reflection        ||     1
